 Dungeon Crawl Stone Soup version 0.31.0-12-g77e489cdc1 (webtiles) character file.

Game seed: 98347157849017734

6180 Heoruswealwe the Thaumaturge (level 10, -5/75 HPs)
             Began as a Deep Elf Conjurer on Feb 20, 2024.
             Was a Believer of Vehumet.
             Killed by divine providence
             ... invoked by an orc priest
              (13 damage)
             ... on level 8 of the Dungeon.
             The game lasted 01:38:09 (15121 turns).

Heoruswealwe the Thaumaturge (Deep Elf Conjurer)   Turns: 15121, Time: 01:38:10

Health: -5/75      AC: 25    Str:  4    XL:     10   Next: 60%
Magic:  2/30       EV:  2    Int: 28    God:    Vehumet [**....]
Gold:   1473       SH:  0    Dex: 13    Spells: 16/38 levels left

rFire   . . .        b - +0 battleaxe
rCold   . . .        (shield currently unavailable)
rNeg    + . .        c - melded +0 steam dragon scales
rPois   +            g - melded +0 helmet
rElec   .            h - melded +0 cloak
rCorr   .            f - melded +0 pair of gloves
SInv    .            e - melded +0 pair of boots
Will    +....        (no amulet)
Stlth   ++           k - ring of positive energy
HPRegen 0.32/turn    j - ring of wizardry
MPRegen 0.22/turn

%: wizardry (x1)
@: tree-form
A: stationary, stasis, torment immunity, boosted hp
a: Renounce Religion


You were on level 8 of the Dungeon.
You worshipped Vehumet.
Vehumet was pleased with you.
You were a tree.
You visited 2 branches of the dungeon, and saw 9 of its levels.
You also visited: Sewer.

You collected 1473 gold pieces.

Inventory:

Hand Weapons
 a - a +0 vampiric dagger
 b - a +0 battleaxe (weapon)
Armour
 c - +0 steam dragon scales (melded)
 e - a +0 pair of boots (melded)
 f - a +0 pair of gloves (melded)
 g - a +0 helmet (melded)
 h - a +0 cloak (melded)
Jewellery
 d - an amulet of the acrobat
 j - a ring of wizardry (right branch)
 k - a ring of positive energy (left branch)
Wands
 s - a wand of charming (9)
 t - a wand of quicksilver (11)
Scrolls
 n - 5 scrolls of teleportation
 w - a scroll of summoning
 y - 2 scrolls of revelation
 A - 3 scrolls of fear
 F - 2 scrolls of brand weapon
 G - a scroll of blinking
Potions
 i - 3 potions of lignification
 l - 3 potions of haste
 o - 2 potions of enlightenment
 p - a potion of attraction {unknown}
 q - 2 potions of invisibility {unknown}
 r - 3 potions of berserk rage {unknown}
 u - 2 potions of resistance {unknown}
 C - 3 potions of curing {unknown}
 H - a potion of might {unknown}


   Skills:
 - Level 2.4 Dodging
 - Level 2.4 Stealth
 + Level 14.9 Spellcasting
 + Level 13.1 Conjurations


You had 16 spell levels left.
You knew the following spells:

 Your Spells              Type           Power      Damage    Failure   Level
a - Magic Dart            Conj           100%       1d8       0%          1
b - Sting                 Conj/Alch      100%       1d9       1%          1
c - Shock                 Conj/Air       100%       1d9       1%          1
d - Searing Ray           Conj           100%       2d8       0%          2
e - Dazzling Flash        Conj/Hex       100%       N/A       1%          3
f - Iskenderun's Mystic   Conj/Tloc      55%        2d12      1%          4
g - Fulminant Prism       Conj/Alch      27%        3d14      1%          4
h - Starburst             Conj/Fire      27%        6d9       11%         6

Your spell library contained the following spells:

 Spells                   Type           Power      Damage    Failure   Level
 Sandblast                Erth           40%        2d10      1%          1
 Apportation              Tloc           40%        N/A       1%          1
 Necrotise                Necr           80%        1d8       1%          1
 Summon Small Mammal      Summ           80%        N/A       1%          1
 Ozocubu's Armour         Ice            20%        N/A       3%          3
 Volatile Blastmotes      Fire/Tloc      40%        2d13      3%          3
 Metabolic Englaciation   Hex/Ice        10%        N/A       26%         5
 Sculpt Simulacrum        Ice/Alch       10%        N/A       80%         6
 Maxwell's Capacitive Co  Air            10%        ∞         100%        8


Dungeon Overview and Level Annotations

Branches:
Dungeon (8/15)             Temple (1/1) D:7            Lair (0/5) D:8
  Sewer (visited)

Altars:
Ashenzari
Cheibriados
Dithmenos
Elyvilon
Fedhas
Gozag
Hepliaklqana
Kikubaaqudgha
Makhleb
Nemelex Xobeh
Okawaru
Qazlal
Ru
Sif Muna
Trog
Uskayaw
Vehumet
Wu Jian
Yredelemnul
Zin
The Shining One

Shops:
D:4 *


Message History

Vehumet accepts your kill.
The mystic blast hits the yak.
The yak is lightly wounded.
The yak is knocked back by the mystic blast.
Casting: Iskenderun's Mystic Blast (dangerous; 1% risk of failure)
Confirm with . or Enter, or press ? or * to list all spells.
You erupt in a blast of force!
The mystic blast hits the yak!
The yak is lightly wounded.
The yak is knocked back by the mystic blast.
An orc priest comes into view. It is wielding a +0 dagger.
Items here: $ ) / [.
The yak gores you. The orc priest barely misses you. The yak gores you!
* * * LOW HITPOINT WARNING * * *
Things that are here:
a +1 mace of protection; a yak corpse
Casting: Iskenderun's Mystic Blast (dangerous; 1% risk of failure)
Confirm with . or Enter, or press ? or * to list all spells.
You erupt in a blast of force!
The mystic blast hits the orc priest!
The orc priest is severely wounded.
The orc priest is knocked back by the mystic blast.
The mystic blast hits the yak.
The yak is moderately wounded.
The yak gores you.
* * * LOW HITPOINT WARNING * * *
The yak gores you.
* * * LOW HITPOINT WARNING * * *
You turn into a tree.
Your +0 cloak melds into your body.
Your +0 helmet melds into your body.
Your +0 pair of gloves melds into your body.
Your +0 pair of boots melds into your body.
Your +0 steam dragon scales melds into your body.
Your roots penetrate the ground.
The yak gores you!
* * * LOW HITPOINT WARNING * * *
You hit the yak but do no damage.
The yak is moderately wounded.
The yak gores you but does no damage.
The orc priest invokes the aid of Beogh against you.
Beogh smites you!
You die...

♣♣...#######. #8..
♣♣♣♣....##...# #Y...
...♣♣...###.)###8....
._..♣♣...###...'..o..
.....♣.........#8....
_.....)........## ...
.....♣..#####..o## .
._..♣♣.........#)##
...♣♣.>..####..Y♣$##
♣♣♣♣.....# ##.#...#
#.....# #.#......#
####### ...#######
#..# #.## ... ####


You could see a yak and an orc priest.

Vanquished Creatures
  The ghost of CrazyMind the Thaumaturge, a novice DEEE of Gozag (D:6)
  Maurice (D:8)
  Prince Ribbit (D:7)
  8 yaks (D:8)
  A wyvern (D:7)
  A steam dragon (D:7)
  The ghost of Quickbrownfox the Changeling, an amateur DsSh (D:3)
  A water moccasin (D:4)
  2 black bears
  An orc warrior (D:6)
  An ice beast (D:6)
  6 ogres
  7 centaurs
  A phantom (D:4)
  3 kobold brigands
  4 bullfrogs (D:6)
  3 scorpions
  2 howler monkeys
  9 hounds
  2 bombardier beetles
  4 orc priests
  2 jellies
  Ijyb (D:3)
  Natasha (thrice) (D:3)
  3 iguanas
  8 orc wizards
  14 gnolls
  A river rat (Sewer)
  14 adders
  2 shadow imps
  2 white imps (D:7)
  An ufetubus (D:7)
  8 ribbon worms
  7 dart slugs
  25 orcs
  13 ball pythons
  11 bats
  6 endoplasms
  7 giant cockroaches
  5 goblins
  10 hobgoblins
  5 jackals
  15 kobolds
  2 quokkas
  6 frilled lizards
  4 rats
235 creatures vanquished.

Notes
Turn   | Place    | Note
-------+----------+-------------------------------------------
     0 | D:1      | Heoruswealwe the Deep Elf Conjurer began the quest for the
                  | Orb.
     0 | D:1      | Reached XP level 1. HP: 10/10 MP: 6/6
   443 | D:1      | Reached XP level 2. HP: 15/15 MP: 4/8
   446 | D:1      | Learned a level 2 spell: Searing Ray
   899 | D:2      | Reached skill level 4 in Spellcasting
   927 | D:2      | Reached skill level 5 in Conjurations
   927 | D:2      | Reached XP level 3. HP: 19/19 MP: 7/10
  1165 | D:2      | Found a faded altar of an unknown god.
  1441 | D:2      | Learned a level 1 spell: Sting
  1445 | D:2      | Learned a level 3 spell: Dazzling Flash
  1627 | D:1      | You fall into a shaft and drop 1 floor!
  1774 | D:3      | Noticed Ijyb
  1788 | D:3      | Killed Ijyb
  1789 | D:3      | Reached XP level 4. HP: 24/24 MP: 2/12
  1794 | D:3      | Learned a level 4 spell: Fulminant Prism
  1866 | D:3      | Reached skill level 5 in Spellcasting
  2082 | D:3      | Found a runed translucent door.
  2083 | D:3      | Noticed Quickbrownfox's ghost (amateur DsSh)
  2092 | D:3      | Killed Quickbrownfox's ghost
  2093 | D:3      | Reached skill level 6 in Spellcasting
  2093 | D:3      | Reached XP level 5. HP: 21/28 MP: 6/15
  2236 | D:3      | Found a bloodstained altar of Trog.
  2309 | D:3      | Reached XP level 6. HP: 32/32 MP: 13/17
  2316 | D:3      | Learned a level 4 spell: Iskenderun's Mystic Blast
  2590 | D:3      | Noticed Natasha
  2605 | D:3      | Killed Natasha
  2885 | D:3      | Found a shimmering blue altar of Sif Muna.
  3119 | D:3      | Noticed Natasha
  3124 | D:3      | Killed Natasha
  3129 | D:3      | Noticed Natasha
  3135 | D:3      | Killed Natasha
  3312 | D:3      | You fall into a shaft and drop 3 floors!
  3315 | D:6      | Found a runed translucent door.
  3315 | D:6      | Noticed CrazyMind's ghost (novice DEEE)
  3335 | D:6      | Reached skill level 7 in Spellcasting
  3342 | D:6      | Found a runed translucent door.
  3428 | D:5      | Entered Level 5 of the Dungeon
  3428 | D:5      | Found a hide-covered altar of Uskayaw.
  3478 | D:5      | Reached XP level 7. HP: 9/36 MP: 11/20
  3496 | D:5      | Reached skill level 8 in Spellcasting
  3521 | D:5      | Found a glowing drain.
  3632 | Sewer    | Entered a sewer
  4845 | D:4      | Found Ymizah's Neck Hole.
  4869 | D:4      | You fall into a shaft and drop 2 floors!
  4889 | D:6      | Learned a level 6 spell: Starburst
  4895 | D:6      | Reached skill level 9 in Spellcasting
  4895 | D:6      | Reached XP level 8. HP: 41/41 MP: 14/23
  4900 | D:6      | Killed CrazyMind's ghost
  4901 | D:6      | Reached skill level 10 in Spellcasting
  5156 | D:6      | Reached skill level 11 in Spellcasting
  5156 | D:6      | Reached skill level 10 in Conjurations
  5276 | D:6      | Reached XP level 9. HP: 7/45 MP: 4/26
  5601 | D:5      | Found a hazy altar of Hepliaklqana.
  5601 | D:5      | Found an ancient bone altar of Kikubaaqudgha.
  6871 | D:2      | Found a faded altar of an unknown god.
  7853 | D:3      | Found a bloodstained altar of Trog.
  9948 | D:4      | Found Ymizah's Neck Hole.
 10412 | D:5      | Found a radiant altar of Vehumet.
 10412 | D:5      | Found a shadowy altar of Dithmenos.
 10419 | D:5      | Became a worshipper of Vehumet
 10538 | D:5      | Identified the +1 ring mail "Hupsoer" {rElec MP+9}
 10975 | D:5      | Found a hide-covered altar of Uskayaw.
 11273 | D:5      | Found a hazy altar of Hepliaklqana.
 11273 | D:5      | Found an ancient bone altar of Kikubaaqudgha.
 12242 | D:5      | Found a radiant altar of Vehumet.
 12242 | D:5      | Found a shadowy altar of Dithmenos.
 12581 | D:6      | Reached skill level 12 in Spellcasting
 13445 | D:7      | Noticed Prince Ribbit
 13458 | D:7      | Killed Prince Ribbit
 13679 | D:7      | Found a staircase to the Ecumenical Temple.
 13698 | Temple   | Found a transporter.
 13698 | Temple   | Found a transporter.
 13698 | Temple   | Found a transporter.
 13698 | Temple   | Found a transporter.
 13698 | Temple   | Entered the Ecumenical Temple
 13757 | D:7      | Reached skill level 13 in Spellcasting
 13761 | D:7      | Reached * piety under Vehumet
 13761 | D:7      | Offered knowledge of Shock by Vehumet.
 13766 | D:7      | Learned a level 1 spell: Shock
 13831 | D:7      | Identified the +5 ring mail of the Elephant {rC+ Str-5
                  | Int+3}
 14230 | D:7      | Reached XP level 10. HP: 46/50 MP: 16/29
 14413 | D:7      | Reached ** piety under Vehumet
 14575 | D:7      | Identified a scroll of acquirement
 14731 | D:7      | Acquired 878 gold pieces
 14874 | D:8      | Offered knowledge of Sandblast by Vehumet.
 14909 | D:8      | Reached skill level 14 in Spellcasting
 15046 | D:8      | Found a staircase to the Lair.
 15056 | D:8      | Identified the +2 leather armour of Cufo Yxu {Will+ Dex+3
                  | SInv Stlth+}
 15061 | D:8      | Found a glowing silver altar of Zin.
 15061 | D:8      | Found a glowing golden altar of the Shining One.
 15064 | D:8      | Found a white marble altar of Elyvilon.
 15093 | D:8      | Noticed Maurice
 15109 | D:8      | Killed Maurice
 15121 | D:8      | Killed from afar by an orc priest

Illustrated notes

Levels and vault maps discovered:
D:1:      zaba_arrival_water, layout_basic
D:2:      layout_loops_ring, shapermc_ecumenical_altar_gd
D:3:      layout_loops_ring, mainiacjoe_overflow_alcove_4,
          mainiacjoe_overflow_six_doors_small, hellmonk_ghost_happy_afterlife,
          kennysheep_generic_room_8, uniq_ijyb, uniq_natasha
D:4:      minmay_clustersquares, layout_basic, serial_forest,
          infiniplex_forest_clump_medium, infiniplex_forest_zigzag_1,
          infiniplex_forest_clump_curved, infiniplex_forest_lined_ring,
          infiniplex_forest_zigzag_1, infiniplex_forest_straight_3,
          infiniplex_forest_end_2, infiniplex_forest_clump_small,
          infiniplex_forest_lined_room_2, nicolae_shop_sticking_my_neck_out
D:5:      layout_basic, mainiacjoe_overflow_paths,
          nicolae_overflow_two_pavilions, amethyst_overflow_temple_binary,
          cheibrodos_sewer_entry_bend
D:6:      layout_basic, ebering_ghost_sewer_f, small_statue_intersection,
          grunt_ministairs_2, nicolae_nh_ransacked_shop
D:7:      kennysheep_housing_project, layout_cave_pools,
          minmay_temple_entry_glassed_door, chequers_serial_rivers_micro_e,
          hangedman_abyss_or_decor_slice, st_stairs_10, minmay_alternating_orb,
          uniq_prince_ribbit1
D:8:      cheibrodos_elevator_heist, layout_rooms, good_gods_temple_1,
          regret_index_xom_of_box, chequers_arboretum, supply_closet_lemuel,
          serial_park_tiny_1, dk_noncrumbling_4, nicolae_diode_quadrants,
          uniq_erica, uniq_maurice
Temple:   hellmonk_temple_divided_pantheon

Skill      XL: |  1  2  3  4  5  6  7  8  9 10 |
---------------+-------------------------------+-----
Spellcasting   | 4 6 7 9 11 13 14 | 14.9
Conjurations   | 5 6 7 8 10 11 13 | 13.1
Dodging        | |  2.4
Stealth        | |  2.4

Action                     |  1- 3 |  4- 6 |  7- 9 | 10-12 || total
---------------------------+-------+-------+-------+-------++-------
  Melee: Dagger            |    77 |   171 |    87 |       ||   335
         Punch             |     1 |     9 |     1 |       ||    11
         Battleaxe         |       |       |  1627 |    53 ||  1680
   Cast: Magic Dart        |    64 |    63 |   194 |    31 ||   352
         Searing Ray       |     1 |     9 |    16 |       ||    26
         Iskenderun's Myst |       |       |    42 |    32 ||    74
         Sting             |       |       |     1 |       ||     1
    Use: Scroll            |     4 |     1 |     6 |     5 ||    16
         Potion            |       |       |     6 |     2 ||     8
   Stab: Distracted        |       |       |       |     1 ||     1
 Armour: Robe              |     5 |    14 |    90 |       ||   109
         Steam dragon scal |       |       |     3 |    33 ||    36
         Skin              |       |       |     2 |     2 ||     4
  Dodge: Dodged            |    19 |    10 |    85 |    23 ||   137
